 Dungeon Crawl Stone Soup version 0.17.0-56-gd8de76c (webtiles) character file.

2109 gorblad the Sneak (level 9, 0/74 HPs)
             Began as a Yellow Draconian Assassin on Dec 5, 2015.
             Was an Initiate of Dithmenos.
             Slain by gorblad's ghost (12 damage)
             ... on level 7 of the Dungeon.
             The game lasted 00:16:16 (5210 turns).

gorblad the Sneak (Yellow Draconian Assassin)       Turns: 5210, Time: 00:16:16

Health: 0/74       AC: 12    Str: 14    XL:     9   Next: 7%
Magic:  9/9        EV: 17    Int: 12    God:    Dithmenos [......]
Gold:   279        SH:  0    Dex: 15    Spells: 0 memorised, 8 levels left

rFire  . . .     SeeInvis .     i - +5 dagger (venom)
rCold  . . .     Clarity  .     (armour unavailable)
rNeg   + . .     SustAt   .     (no shield)
rPois  .         Gourm    .     (helmet restricted)
rElec  .         Spirit   .     z - +2 cloak {+Inv}
rCorr  +         Warding  .     q - +1 pair of gloves
rMut   .         Stasis   +     (no boots)
MR     +....                    r - amulet of stasis
Stlth  +++.......               o - ring of positive energy
                                t - +1 ring of evasion

@: flying, somewhat resistant to hostile enchantments, fairly stealthy
A: spit acid, acid resistance, unfitting armour, horns 1, magic resistance 1,
cold-blooded, AC +7
a: Spit Acid, Renounce Religion, Evoke Invisibility


You were on level 7 of the Dungeon.
You worshipped Dithmenos.
Dithmenos was noncommittal.
You were hungry.

You visited 2 branches of the dungeon, and saw 8 of its levels.

You collected 279 gold pieces.

Inventory:

Hand Weapons
 a - a +2 dagger
 b - a +0 blowgun
 i - a +5 dagger of venom (weapon)
Missiles
 d - 8 poisoned needles
 e - 2 curare-tipped needles
Armour
 c - a +0 cloak
 q - a +1 pair of gloves (worn)
 z - a +2 cloak of invisibility (worn)
Jewellery
 m - an uncursed ring of magical power
 o - a ring of positive energy (right hand)
 r - an amulet of stasis (around neck)
 t - a +1 ring of evasion (left hand)
 D - an uncursed ring of magical power
Wands
 w - a wand of frost (28)
 y - a wand of frost (20)
Scrolls
 j - 3 scrolls of teleportation
 n - 3 scrolls of remove curse
 u - a scroll of fear
 C - a scroll of recharging
 G - 2 scrolls of magic mapping
Potions
 p - a potion of magic
 v - a potion of brilliance
 H - a potion of agility
Books
 x - a book of Changes

   Spells                             Type                      Level
   a - Beastly Appendage              Transmutation                1
   b - Sticks to Snakes               Transmutation                2
   c - Spider Form                    Transmutation/Poison         3
   d - Ice Form                       Ice/Transmutation            4
   e - Blade Hands                    Transmutation                5
Comestibles
 f - 4 bread rations
 h - 2 slices of pizza
 k - 8 fruits
 l - 2 beef jerkies
 A - a royal jelly
 B - a meat ration


   Skills:
 + Level 5.1 Fighting
 + Level 4.8 Short Blades
 - Level 1.7 Throwing
 + Level 7.0 Dodging
 + Level 7.6 Stealth


You had 8 spell levels left.
You didn't know any spells.

Dungeon Overview and Level Annotations

Branches:
Dungeon (7/15)             Temple (1/1) D:5

Altars:
Ashenzari
Cheibriados
Dithmenos
Elyvilon
Fedhas
Gozag
Kikubaaqudgha
Makhleb
Nemelex Xobeh
Okawaru
Qazlal
Ru
Sif Muna
Trog
Vehumet
Xom
Yredelemnul
Zin
The Shining One

Shops:
D:4 !

Annotations:
D:7 gorblad's ghost, novice DgFi


Innate Abilities, Weirdness & Mutations

You can spit globs of acid.
You are resistant to acid.
Your golden yellow scales are hard (AC +7).
Your body does not fit into most forms of armour.
You are cold-blooded and may be slowed by cold attacks.
You have a pair of small horns on your head.
You are resistant to hostile enchantments.


Message History

* * * LOW HITPOINT WARNING * * *
The orc hits you but does no damage. Gorblad's ghost misses you.
You closely miss gorblad's ghost.
Gorblad's ghost is moderately damaged.
The orc closely misses you. The orc hits you but does no damage.
Gorblad's ghost hits you.
* * * LOW HITPOINT WARNING * * *
Gorblad's ghost freezes you.
* * * LOW HITPOINT WARNING * * *
Your amulet of stasis rumbles.
The orc closely misses you.
You barely miss the orc. The orc closely misses you.
You hit the orc.
You kill the orc!
Dithmenos accepts your kill. The orc hits you but does no damage.
Gorblad's ghost closely misses you. The orc barely misses you.
You hit the orc but do no damage.
The orc is poisoned.
Your headbutt misses the orc. Gorblad's ghost hits you!
You die...

.# #.# ##.##
##...##
###.....####
...........
#)..o.#
#o)W# ##@##
###


You could see gorblad's ghost and 2 orcs.

Vanquished Creatures
  Sigmund (D:2)
  Menkaure (D:4)
  2 orc warriors (D:6)
  A phantom (D:6)
  3 ogres
  A sky beast (D:5)
  A giant frog (D:6)
  A centaur (D:6)
  5 killer bees (D:4)
  A centaur zombie (D:6)
  3 hounds (D:4)
  2 jellies
  5 orc priests
  2 orc wizards
  Terence (D:2)
  A worker ant (D:5)
  3 hound skeletons
  Robin (D:3)
  10 gnolls
  13 adders
  A shadow imp (D:4)
  3 oozes
  A worm (D:4)
  3 giant geckos
  19 orcs
  11 bats
  18 goblins
  10 hobgoblins
  9 jackals
  4 quokkas
  A ball python (D:1)
  6 giant cockroaches
  3 giant newts
  12 kobolds
  A quokka skeleton (D:4)
  8 rats
168 creatures vanquished.

Notes
Turn   | Place    | Note
--------------------------------------------------------------
     0 | D:1      | gorblad the Draconian Assassin began the quest for the Orb.
     0 | D:1      | Reached XP level 1. HP: 17/17 MP: 1/1
   196 | D:1      | Reached skill level 1 in Dodging
   304 | D:1      | Reached skill level 4 in Stealth
   304 | D:1      | Reached XP level 2. HP: 22/24 MP: 2/2
   549 | D:1      | Reached XP level 3. HP: 27/29 MP: 3/3
   717 | D:2      | Found a sparkling altar of Nemelex Xobeh.
   789 | D:2      | Noticed Terence
   790 | D:2      | Noticed Sigmund
   797 | D:2      | Killed Terence
   797 | D:2      | Reached XP level 4. HP: 37/37 MP: 4/4
   806 | D:2      | Killed Sigmund
   806 | D:2      | Reached skill level 5 in Stealth
   806 | D:2      | Reached XP level 5. HP: 10/44 MP: 5/5
  1090 | D:2      | Reached XP level 6. HP: 50/50 MP: 6/6
  1352 | D:3      | Found a radiant altar of Vehumet.
  1620 | D:3      | Found an iron altar of Okawaru.
  1620 | D:3      | Found a bloodstained altar of Trog.
  1620 | D:3      | Found a basalt altar of Yredelemnul.
  1620 | D:3      | Noticed Robin
  1645 | D:3      | Killed Robin
  1929 | D:4      | Noticed Menkaure
  1941 | D:4      | Killed Menkaure
  1948 | D:4      | Reached skill level 6 in Stealth
  1958 | D:4      | Your scales start taking on a golden yellow colour.
  1958 | D:4      | Reached XP level 7. HP: 17/57 MP: 7/7
  2290 | D:4      | Gained mutation: You are resistant to hostile enchantments. [potion of mutation]
  2290 | D:4      | Gained mutation: You have a pair of small horns on your head. [potion of mutation]
  2414 | D:4      | Found Dogg's Distillery.
  2572 | D:4      | Reached skill level 5 in Dodging
  2886 | D:4      | Found a blossoming altar of Fedhas.
  2907 | D:4      | Found an opulent altar of Gozag.
  2910 | D:4      | Found a glowing silver altar of Zin.
  2913 | D:4      | Found a white marble altar of Elyvilon.
  3108 | D:5      | Entered Level 5 of the Dungeon
  3138 | D:5      | Reached XP level 8. HP: 41/66 MP: 8/8
  3150 | D:5      | Found a burning altar of Makhleb.
  3194 | D:5      | Found a stormy altar of Qazlal.
  3287 | D:5      | Found a staircase to the Ecumenical Temple.
  3376 | Temple   | Entered the Ecumenical Temple
  4269 | D:6      | Reached skill level 7 in Stealth
  4457 | D:6      | Found a shadowy altar of Dithmenos.
  4461 | D:6      | Became a worshipper of Dithmenos the Shadowed
  4526 | D:6      | Reached skill level 5 in Fighting
  4763 | D:6      | Reached XP level 9. HP: 74/74 MP: 9/9
  5179 | D:7      | Noticed gorblad's ghost (novice DgFi)
  5210 | D:7      | Slain by gorblad's ghost

Action                   |  1- 3 |  4- 6 |  7- 9 || total
-------------------------+-------+-------+-------++-------
Melee: Dagger            |    59 |   135 |   252 ||   446
  Use: Scroll            |     1 |     7 |     7 ||    15
       Potion            |       |     2 |    10 ||    12
 Stab: Sleeping          |     6 |     7 |    15 ||    28
       Distracted        |     1 |       |       ||     1
  Eat: Chunk             |       |     3 |    10 ||    13
